 Dungeon Crawl Stone Soup version 0.31.0-2-g5a2aebc5c2 (webtiles) character file.

Game seed: 15775754246135245326

198 Arctor the Shooter (level 6, -1/36 HPs)
             Began as a Kobold Hexslinger on Jan 20, 2024.
             Was a Believer of Dithmenos.
             Slain by Edmund
             ... wielding a +4 flail of protection
              (10 damage)
             ... on level 5 of the Dungeon.
             The game lasted 00:02:56 (2754 turns).

Arctor the Shooter (Kobold Hexslinger)              Turns: 2754, Time: 00:02:57

Health: -1/36      AC:  3    Str:  5    XL:     6   Next: 6%
Magic:  6/9        EV: 16    Int: 15    God:    Dithmenos [**....]
Gold:   136        SH:  0    Dex: 19    Spells: 7/9 levels left

rFire   . . .        a - +1 sling
rCold   . . .        (no shield)
rNeg    . . .        c - +0 robe
rPois   .            (no helmet)
rElec   .            (no cloak)
rCorr   .            (no gloves)
SInv    .            f - +0 pair of boots
Will    .....        (no amulet)
Stlth   +++          (no ring)
HPRegen 0.26/turn    (no ring)
MPRegen 0.11/turn

%: no passive effects
@: weak-willed, jinxed, wreathed by umbra
A: small, no large weapons, nightstalker 3
a: Renounce Religion, Shadow Step


You were on level 5 of the Dungeon.
You worshipped Dithmenos.
Dithmenos was pleased with you.
You visited 1 branch of the dungeon, and saw 5 of its levels.

You collected 136 gold pieces.

Inventory:

Hand Weapons
 a - a +1 sling (weapon)
Armour
 c - a +0 robe (worn)
 f - a +0 pair of boots (worn)
Scrolls
 b - 2 scrolls of poison
 d - a scroll of teleportation
 g - a scroll of torment {unknown}
 j - a scroll of blinking {unknown}
 l - a scroll of noise {unknown}
 m - a scroll of identify
Potions
 e - a potion of ambrosia
 h - 3 potions of haste {unknown}
 i - a potion of heal wounds
 k - a potion of curing {unknown}


   Skills:
 + Level 2.6 Fighting
 + Level 4.1 Ranged Weapons
 + Level 3.6 Dodging
 + Level 2.3 Spellcasting
 + Level 3.7 Hexes
 - Level 1.8 Fire Magic


You had 7 spell levels left.
You knew the following spells:

 Your Spells              Type           Power      Damage    Failure   Level
a - Jinxbite              Hex            26%        N/A       7%          2

Your spell library contained the following spells:

 Spells                   Type           Power      Damage    Failure   Level
 Sigil of Binding         Hex            13%        N/A       14%         3
 Ensorcelled Hibernation  Hex/Ice        14%        N/A       16%         2
 Inner Flame              Hex/Fire       10%        N/A       21%         3
 Cause Fear               Hex            6%         N/A       41%         4
 Fugue of the Fallen      Necr           1%         N/A       54%         3
 Hailstorm                Conj/Ice       1%         3d5       54%         3
 Summon Ice Beast         Ice/Summ       1%         N/A       54%         3
 Anguish                  Hex/Necr       3%         N/A       69%         4
 Dimensional Bullseye     Hex/Tloc       3%         N/A       69%         4
 Sculpt Simulacrum        Ice/Alch       0%         N/A       100%        6


Dungeon Overview and Level Annotations

Branches:
Dungeon (5/15)
 Temple: D:4-7

Altars:
Ashenzari
Dithmenos

Annotations:
D:5 Dowan, Duvessa, Edmund


Innate Abilities, Weirdness & Mutations

You are small and have problems with some larger weapons.
You are completely attuned to the shadows.


Message History

Edmund is lightly wounded.
You shoot a sling bullet.
The sling bullet hits Edmund but does no damage.
Edmund is lightly wounded.
A giggling sprite leaps out and smacks Edmund with his own hand.
Edmund is moderately wounded.
You shoot a sling bullet. The sling bullet hits Edmund.
Edmund is moderately wounded.
A giggling sprite leaps out and makes Edmund trip over his own feet.
Edmund is heavily wounded.
The jinxing sprites lose interest in you.
Edmund completely misses you.
You shoot a sling bullet.
The sling bullet hits Edmund but does no damage.
Edmund is heavily wounded.
Edmund hits you with a +4 flail of protection.
You shoot a sling bullet.
The sling bullet hits Edmund but does no damage.
Edmund is heavily wounded.
Edmund hits you with a +4 flail of protection!
Edmund closely misses you.
You shoot a sling bullet.
The sling bullet hits Edmund but does no damage.
Edmund is heavily wounded.
Edmund hits you with a +4 flail of protection.
You shoot a sling bullet.
The sling bullet hits Edmund but does no damage.
Edmund is heavily wounded.
Edmund hits you with a +4 flail of protection.
You are too injured to fight recklessly!
You shoot a sling bullet. The sling bullet closely misses Edmund.
Edmund hits you with a +4 flail of protection!
* * * LOW HITPOINT WARNING * * *
Casting: Jinxbite (safe; 7% risk of failure)
Confirm with . or Enter, or press ? or * to list all spells.
You beckon some vexing sprites to accompany your attacks.
You feel your willpower being sapped.
Edmund hits you with a +4 flail of protection!
You die...
Edmund whines, "They better pay attention to me now!"

####### .......#
..!.....#
.........#
#......@@.#
#.........#
#.........#
#.........#
#.........#
..####.........#
.........########
?........#
.........#


You could see Edmund (very drained).

Vanquished Creatures
  An orc priest (D:4)
  An iguana (D:4)
  5 adders
  A dart slug (D:4)
  A ribbon worm (D:2)
  9 orcs
  8 bats
  5 endoplasms
  A giant cockroach (D:4)
  7 goblins
  9 hobgoblins
  7 jackals (D:4)
  6 kobolds
  4 quokkas
  6 ball pythons
  2 frilled lizards (D:2)
  6 rats
79 creatures vanquished.

Notes
Turn   | Place    | Note
-------+----------+-------------------------------------------
     0 | D:1      | Arctor the Kobold Hexslinger began the quest for the Orb.
     0 | D:1      | Reached XP level 1. HP: 12/12 MP: 2/2
   206 | D:1      | Reached XP level 2. HP: 16/16 MP: 3/3
   209 | D:1      | Learned a level 2 spell: Jinxbite
   248 | D:1      | Reached skill level 3 in Ranged Weapons
   557 | D:1      | Reached XP level 3. HP: 20/21 MP: 3/5
   772 | D:2      | Found a faded altar of an unknown god.
   918 | D:2      | Prayed at the altar of an unknown god.
   918 | D:2      | Became a worshipper of Dithmenos the Shadowed
   918 | D:2      | Reached * piety under Dithmenos
  1118 | D:2      | Reached XP level 4. HP: 12/26 MP: 6/6
  1769 | D:3      | Found a broken altar of Ashenzari.
  1798 | D:3      | Reached ** piety under Dithmenos
  1827 | D:3      | Reached XP level 5. HP: 30/30 MP: 7/7
  2410 | D:4      | Reached skill level 4 in Ranged Weapons
  2610 | D:4      | Reached XP level 6. HP: 36/36 MP: 9/9
  2613 | D:4      | Noticed an ogre
  2655 | D:4      | HP: 1/36 [poisoned by an adder]
  2684 | D:5      | Entered Level 5 of the Dungeon
  2684 | D:5      | Noticed Edmund
  2686 | D:5      | Noticed Duvessa
  2686 | D:5      | Noticed Dowan
  2754 | D:5      | Slain by Edmund

Illustrated notes

Levels and vault maps discovered:
D:1:      denvon_arrival_planthouse, layout_basic, minmay_close_crescents
D:2:      layout_basic, hellmonk_ecumenical_altar_crossroads,
          roderic_serpentine_path, hangedman_decor_clover_reticule
D:3:      layout_loops_ring, cheibrodos_ashenzari_chains
D:4:      layout_basic, minmay_temple_entry_stoned_glass, serial_forest,
          infiniplex_forest_lined_2, infiniplex_forest_end_3,
          infiniplex_forest_straight_2, infiniplex_forest_end_2,
          infiniplex_forest_lined_2, uniq_natasha, uniq_sigmund
D:5:      lemuel_ice_spiral_2, layout_basic, uniq_duvessa, uniq_menkaure,
          uniq_edmund

Skill      XL: |  1  2  3  4  5 |
---------------+----------------+-----
Ranged Weapons | 3 4 |  4.1
Fighting       | 2 |  2.6
Dodging        | 3 |  3.6
Spellcasting   | 2 |  2.3
Hexes          | |  3.7
Fire Magic     | |  1.8

Action                     |  1- 3 |  4- 6 || total
---------------------------+-------+-------++-------
   Fire: Sling             |    98 |   125 ||   223
   Cast: Jinxbite          |       |     8 ||     8
    Use: Scroll            |       |     4 ||     4
         Potion            |       |     1 ||     1
 Armour: Robe              |    18 |    45 ||    63
  Dodge: Dodged            |    54 |   130 ||   184
